cohdb
Replays
Latest Replays
All Replays
Popular Replays
Top Player Replays
Match Explorer
How It Works
Community
CoH3 Stats
Reddit
Sign in to upload your games and track your stats! →
Sign in with Steam
Match 47083514
Unlisted
Match 47083514
Overview
Messages
Build Orders
End
Panzergrenadier Squad
Panzergrenadier Squad
250 Light Carrier
Construct Light Support Kompanie
Panzergrenadier Squad
Fire Support Elements
Flakvierling Half-track
Panzerjäger Mechanized Group
Flakvierling Half-track
Vehicle Survival Package
Construct Panzerarmee Kommand
Panzergrenadier Squad
Panzer III L Medium Tank
Panzer III L Medium Tank
Tungsten Core Ammunition
Emergency Repair Kits
Panzer III L Medium Tank
Rapid Advance
Selects Armored Support Battlegroup
Selects Salvage Kits
Selects Panzer Storm
Selects Stuka Anti-tank Loiter
Selects Veteran Gunners
Selects Flammpanzer III Medium Tank
Walking Stuka Rocket Launcher
Panzer III L Medium Tank
Armored Reserves
General Rommel
Z7x2s
makuro214
喊乌拉的德棍123
咸鱼光
Tatari◑。
slayermj12
jaws2005
0
0
Comments
sign in to comment!
No comments posted yet!